 Dungeon Crawl Stone Soup version 0.31-a0-963-ga325b2283a (webtiles) character file.

Game seed: 1088259649686846626

121 LadyBoffin the Magician (level 4, -4/36 HPs)
             Began as a Deep Elf Fire Elementalist on Oct 25, 2023.
             Slain by a gnoll
             ... wielding a +0 flail
             ... led by a gnoll bouda
              (5 damage)
             ... on level 4 of the Dungeon.
             The game lasted 00:08:29 (2070 turns).

LadyBoffin the Magician (DEFE)                      Turns: 2070, Time: 00:08:30

Health: -4/36      AC:  5    Str:  8    XL:     4   Next: 77%
Magic:  1/13       EV: 12    Int: 22    God:
Gold:   201        SH:  0    Dex: 15    Spells: 10/13 levels left

rFire   + . .        j - +1 short sword (elec)
rCold   + . .        (no shield)
rNeg    . . .        a - +0 robe
rPois   +            (no helmet)
rElec   +            (no cloak)
rCorr   +            m - +2 pair of gloves {Str+3}
SInv    .            (no boots)
Will    .....        (no amulet) Stlth
                     (no ring)
HPRegen 0.26/turn    (no ring)
MPRegen 0.13/turn

%: no passive effects
@: berserking, about to teleport, resistant, very quick
A: no striking features
a: no special abilities


You were on level 4 of the Dungeon.
You visited 1 branch of the dungeon, and saw 4 of its levels.

You collected 201 gold pieces.

Inventory:

Hand Weapons
 j - a +1 short sword of electrocution (weapon)
Armour
 a - a +0 robe (worn)
 m - a +2 pair of gloves of strength (worn)
Scrolls
 c - a scroll of immolation
 g - a scroll of fear
 h - 3 scrolls of teleportation
 i - 2 scrolls of amnesia
Potions
 b - 2 potions of magic
 d - 2 potions of curing
 e - a potion of resistance
 f - a potion of berserk rage
 k - a potion of ambrosia {unknown}
 l - a potion of enlightenment {unknown}
 n - 2 potions of heal wounds (quivered) {unknown}
 o - a potion of cancellation {unknown}


   Skills:
 + Level 2.4 Dodging
 + Level 3.2 Stealth
 + Level 5.0 Spellcasting
 + Level 2.2 Conjurations
 + Level 4.2 Fire Magic


You had 10 spell levels left.
You knew the following spells:

 Your Spells              Type           Power      Damage    Failure   Level
a - Foxfire               Conj/Fire      76%        2x1d7     2%          1
b - Scorch                Fire           48%        2d7       2%          2

Your spell library contained the following spells:

 Spells                   Type           Power      Damage    Failure   Level
 Freeze                   Ice            20%        1d4       10%         1
 Inner Flame              Hex/Fire       14%        N/A       13%         3
 Volatile Blastmotes      Fire/Tloc      28%        2d12      13%         3
 Hailstorm                Conj/Ice       10%        3d5       19%         3
 Flame Wave               Conj/Fire      19%        2d7       26%         4
 Frozen Ramparts          Ice            10%        1d2       30%         3


Dungeon Overview and Level Annotations

Branches:
Dungeon (4/15)
 Temple: D:4-7

Altars:
Trog


Message History

Casting: Foxfire (safe; 2% risk of failure)
Confirm with . or Enter, or press ? or * to list all spells.
Flames lash the gnoll.
The gnoll is moderately wounded.
The gnoll's fire resistance burns away.
The foxfire hits the gnoll bouda.
The gnoll bouda is heavily wounded.
The foxfire hits the gnoll bouda.
The gnoll bouda is severely wounded.
The gnoll barely misses you.
The gnoll bouda hits you with a +0 club.
Casting: Scorch (safe; 2% risk of failure)
Confirm with . or Enter, or press ? or * to list all spells.
You conjure some foxfire!
The gnoll is no longer moving quickly.
The gnoll completely misses you. The gnoll barely misses you.
As you read the scroll of teleportation, it crumbles to dust.
You feel strangely unstable.
The foxfire hits the gnoll bouda.
The gnoll bouda is severely wounded.
The foxfire hits the gnoll bouda.
The gnoll bouda is severely wounded.
The gnoll closely misses you. The gnoll misses you.
The gnoll bouda utters an invocation to its god.
The gnoll bouda is healed somewhat.
It was a potion of resistance.
You feel protected.
The gnoll is no longer more vulnerable to fire.
The gnoll hits you but does no damage. The gnoll hits you with a +0 club.
* * * LOW HITPOINT WARNING * * *
The gnoll bouda barks out a call to the hunt!
The gnolls pick up the pace!
It was a potion of berserk rage.
A red film seems to cover your vision as you go berserk!
You feel yourself moving faster!
You feel mighty! The gnoll barely misses you. The gnoll completely misses you.
The gnoll bouda hits you with a +0 club.
* * * LOW HITPOINT WARNING * * *
Unknown command.
Unknown command.
You feel a strong urge to attack something.
The gnoll is no longer moving quickly.
The gnoll hits you with a +0 flail.
You die...

#.........########
#########.............
#.........$...
#............#
#............#
#............#
###...........#
#.............#
#......@......#
#.....g.g..####
#.....g.......#
#####..g.....##
#........).#
#.#.#.####... #.#.#.#
##P # #.#..# .!.....


You could see a gnoll bouda and 3 gnolls.

Vanquished Creatures
  An iguana (D:3)
  2 gnolls (D:4)
  2 adders
  A dart slug (D:2)
  5 orcs
  2 ball pythons (D:3)
  3 endoplasms
  3 giant cockroaches
  5 goblins
  6 hobgoblins
  2 jackals (D:3)
  6 kobolds
  4 bats
  3 frilled lizards
  A rat (D:1)
46 creatures vanquished.

Vanquished Creatures (others)
  158 foxfires
158 creatures vanquished.

Grand Total: 204 creatures vanquished

Notes
Turn   | Place    | Note
-------+----------+-------------------------------------------
     0 | D:1      | LadyBoffin the Deep Elf Fire Elementalist began the quest
                  | for the Orb.
     0 | D:1      | Reached XP level 1. HP: 10/10 MP: 6/6
   136 | D:1      | Reached XP level 2. HP: 15/15 MP: 4/8
   846 | D:2      | Reached XP level 3. HP: 7/19 MP: 3/10
   910 | D:2      | Found a bloodstained altar of Trog.
  1585 | D:3      | Reached skill level 4 in Spellcasting
  1615 | D:3      | Reached XP level 4. HP: 24/24 MP: 8/12
  2009 | D:3      | Learned a level 2 spell: Scorch
  2062 | D:4      | Reached skill level 5 in Spellcasting
  2069 | D:4      | HP: 1/36 [gnoll bouda/+0 club (5)]
  2070 | D:4      | Slain by a gnoll

Illustrated notes

Levels and vault maps discovered:
D:1:      dpeg_arrival_tiny_a, layout_rooms
D:2:      layout_rooms, basic_altar, minmay_tetromino_o2
D:3:      layout_rooms, serial_corexii_hall, chequers_hall_statues_wall_a,
          corexii_hall_statues_i, reono_crystal_passage
D:4:      layout_basic, demons_altar, kennysheep_orc_sif_temple,
          mainiacjoe_overflow_swirl, dreamdust_princess_bridge

Skill      XL: |  1  2  3  4 |
---------------+-------------+-----
Fire Magic     | 4 |  4.2
Spellcasting   | 4 5 |  5.0
Stealth        | 3 |  3.2
Conjurations   | 2 |  2.2
Dodging        | |  2.4

Action                     |  1- 3 |  4- 6 || total
---------------------------+-------+-------++-------
  Melee: Unarmed           |     3 |       ||     3
         Short sword       |     2 |       ||     2
   Cast: Foxfire           |    77 |    24 ||   101
         Scorch            |       |     1 ||     1
    Use: Scroll            |     6 |     1 ||     7
         Potion            |     1 |     2 ||     3
 Armour: Robe              |    14 |     7 ||    21
  Dodge: Dodged            |    14 |    10 ||    24

Table legend: (Time is in decaauts)
 A = Elapsed time spent in this place.
 B = Non-inter-level travel time spent in this place.
 C = Inter-level travel time spent in this place.
 D = Time resting spent in this place.
 E = Time spent auto-exploring this place.
 F = Levels seen in this place.
 G = Mean time per level.
                   A        B        C        D        E       F      G
               +--------+--------+--------+--------+--------+-----+--------+
         Total |   2068 |   1988 |     80 |    194 |   1372 |   4 |  517.0 |
       Dungeon |   2068 |   1988 |     80 |    194 |   1372 |   4 |  517.0 |
               +--------+--------+--------+--------+--------+-----+--------+

Top non-repeatable levels by time:
     D:1: 823 daAuts
     D:3: 668 daAuts
     D:2: 516 daAuts
     D:4: 59 daAuts
